 Dungeon Crawl Stone Soup version 0.30-a0-223-gcb0039aa0c (webtiles) character file.

Game seed: 682821751282816652

42 freelancePsychic the Vexing (level 3, -1/27 HPs)
             Began as a Demonspawn Hexslinger on Oct 9, 2022.
             Was a Follower of Kikubaaqudgha.
             Slain by an adder (4 damage)
             ... on level 2 of the Dungeon.
             The game lasted 00:03:13 (1100 turns).

freelancePsychic the Vexing (Demonspawn Hexslinger) Turns: 1100, Time: 00:03:14

Health: -1/27      AC:  3    Str: 10    XL:     3   Next: 33%
Magic:  0/4        EV: 12    Int: 16    God:    Kikubaaqudgha [*.....]
Gold:   155        SH:  0    Dex: 13    Spells: 1/4 levels left

rFire   . . .      SeeInvis .    a - +1 sling
rCold   . . .      Faith    .    (no shield)
rNeg    + . .      Spirit   .    c - +0 robe
rPois   .          Reflect  .    (no helmet)
rElec   .          Harm     .    (no cloak)
rCorr   .          Rampage  .    h - +0 pair of gloves
Will    .....                    (no boots)
Stlth   +.........               (no amulet)
HPRegen 0.24/turn                d - ring of positive energy
MPRegen 0.09/turn                (no ring)

@: brilliant, very slightly contaminated, invisible (expiring)
A: hooves 1, ignite blood 1
a: Renounce Religion, Unearth Wretches


You were on level 2 of the Dungeon.
You worshipped Kikubaaqudgha.
Kikubaaqudgha was aware of your devotion.
You visited 1 branch of the dungeon, and saw 2 of its levels.

You collected 155 gold pieces.

Inventory:

Hand Weapons
 a - a +1 sling (weapon)
Armour
 c - a +0 robe (worn)
 h - a +0 pair of gloves (worn)
Jewellery
 d - a ring of positive energy (left hand)
Scrolls
 b - 2 scrolls of poison


   Skills:
 + Level 1.9 Fighting
 - Level 2.7 Ranged Weapons
 - Level 1.7 Dodging
 + Level 1.0 Spellcasting
 - Level 3.0 Hexes
 * Level 1.1 Necromancy


You had one spell level left.
You knew the following spells:

 Your Spells              Type           Power      Damage    Failure   Level
a - Slow                  Hex            60%        N/A       7%          1
b - Necrotise             Necr           24%        1d5       14%         1
c - Kiss of Death         Conj/Necr      16%        2d6       19%         1

Your spell library contained the following spells:

 Spells                   Type           Power      Damage    Failure   Level
 Sublimation of Blood     Necr           6%         N/A       22%         2
 Inner Flame              Hex/Fire       8%         N/A       36%         3
 Portal Projectile        Hex/Tloc       16%        N/A       36%         3
 Cause Fear               Hex            7%         N/A       54%         4
 Animate Dead             Necr           6%         N/A       80%         4


Dungeon Overview and Level Annotations

Branches:
Dungeon (2/15)

Altars:
Kikubaaqudgha


Innate Abilities, Weirdness & Mutations

You have large cloven feet.
Your demonic aura sometimes causes spilled blood to erupt in flames.


Message History

Found a murky purple potion.
A hobgoblin comes into view.
You open the door.
There is an open door here.
The adder hisses angrily.
You close the door.
You flicker for a moment.
It was a potion of brilliance.
You feel clever all of a sudden.
Casting: Kiss of Death (safe; 19% risk of failure)
Confirm with . or Enter, or press ? or * to list all spells.
Okay, then.
Casting: Kiss of Death (safe; 19% risk of failure)
Confirm with . or Enter, or press ? or * to list all spells.
Aiming: Necrotise (safe; 14% risk of failure)
Press: ? - help, Shift-Dir - straight line, f - adder
Aim: an adder (wandering, unable to see you, hasn't noticed you, chance to affect: 62%)
You feel a surge of power!
The adder writhes in agony.
The adder hisses angrily.
Fire: a) +1 sling
Press: ? - help, Shift-Dir - straight line, f/p - adder
Aim: an adder (lightly wounded, wandering, unable to see you, hasn't noticed you, 35% to hit)
You shoot a sling bullet.
The sling bullet closely misses the adder.
The adder hisses angrily.
The endoplasm closely misses you. The adder closely misses you.
Fire: a) +1 sling
Press: ? - help, Shift-Dir - straight line, f/p - adder
Aim: an adder (lightly wounded, unable to see you, 35% to hit)
You shoot a sling bullet.
The sling bullet barely misses the adder.
The adder hisses angrily.
The endoplasm freezes you.
* * * LOW HITPOINT WARNING * * *
The adder bites you but does no damage. The endoplasm freezes you.
* * * LOW HITPOINT WARNING * * *
The adder bites you.
You die...
Kikubaaqudgha rasps: "You have failed me!
Welcome... death!"

.. !#..#..
#...##.##....... ..#..
..........
..#..#.##..#...K##.
........... ......#...
#..#.....S.##.#..#...#
........#..#..#.g.#
#..#....##J##...# #..
#..#......S@+.### ##.#
#.#.##...##### .#.#
#..#...# ...# #...###
...#####.###
##.....#.# ...####†.#
....# #.## ..#.# #.#


You could see 2 adders and an endoplasm.

Vanquished Creatures
  An adder (D:2)
  A ball python (D:1)
  2 bats (D:1)
  5 endoplasms
  4 giant cockroaches
  3 goblins (D:1)
  4 hobgoblins
  4 kobolds
  A quokka (D:1)
  2 rats (D:1)
27 creatures vanquished.

Notes
Turn   | Place    | Note
-------+----------+-------------------------------------------
     0 | D:1      | freelancePsychic the Demonspawn Hexslinger began the quest
                  | for the Orb.
     0 | D:1      | Reached XP level 1. HP: 15/15 MP: 2/2
    91 | D:1      | Gained mutation: You have large cloven feet. [demonic
                  | ancestry]
    91 | D:1      | Reached XP level 2. HP: 21/21 MP: 3/3
   623 | D:2      | Found a faded altar of an unknown god.
   627 | D:2      | Prayed at the altar of an unknown god.
   627 | D:2      | Became a worshipper of Kikubaaqudgha
   627 | D:2      | Reached * piety under Kikubaaqudgha
   627 | D:2      | Received a gift from Kikubaaqudgha
   751 | D:2      | Reached skill level 1 in Necromancy
   751 | D:2      | Gained mutation: Your demonic aura sometimes causes spilled
                  | blood to erupt in flames. [demonic ancestry]
   751 | D:2      | Reached XP level 3. HP: 6/27 MP: 4/4
   851 | D:2      | Learned a level 1 spell: Necrotise
   853 | D:2      | Learned a level 1 spell: Kiss of Death
  1100 | D:2      | Slain by an adder

Illustrated notes

Levels and vault maps discovered:
D:1:      noname_arrival_rooms_in_the_neighbourhood, layout_rooms,
          minmay_misc_feat_x, minmay_misc_feat_roman
D:2:      minmay_skewed_foursquare, layout_loops_ring,
          ebering_ecumenical_altar_box

Skill      XL: |  1  2 |
---------------+-------+-----
Ranged Weapons | 2 |  2.7
Necromancy     | 1 |  1.1
Fighting       | |  1.9
Dodging        | |  1.7
Spellcasting   | |  1.0
Hexes          | |  3.0

Action                   || total
-------------------------++-------
 Fire: Sling             ||   101
 Cast: Necrotise         ||    14
       Slow              ||     2
  Use: Potion            ||     3
       Scroll            ||     2
Armor: Robe              ||     7
Dodge: Dodged            ||    48

Table legend: (Time is in decaauts)
 A = Elapsed time spent in this place.
 B = Non-inter-level travel time spent in this place.
 C = Inter-level travel time spent in this place.
 D = Time resting spent in this place.
 E = Time spent auto-exploring this place.
 F = Levels seen in this place.
 G = Mean time per level.
                   A        B        C        D        E       F      G
               +--------+--------+--------+--------+--------+-----+--------+
         Total |   1111 |   1059 |     52 |      0 |    838 |   2 |  555.5 |
       Dungeon |   1111 |   1059 |     52 |      0 |    838 |   2 |  555.5 |
               +--------+--------+--------+--------+--------+-----+--------+

Top non-repeatable levels by time:
     D:1: 573 daAuts
     D:2: 537 daAuts
